 Dungeon Crawl Stone Soup version 0.16.1-30-g34a7ffa (webtiles) character file.

406 nilly the Conjurer (level 6, -2/32 HPs)
             Began as a Deep Elf Conjurer on June 22, 2015.
             Killed from afar by Blork the orc (6 damage)
             ... with a magic dart
             ... on level 4 of the Dungeon.
             The game lasted 00:16:00 (4371 turns).

nilly the Conjurer (Deep Elf Conjurer)              Turns: 4371, Time: 00:16:00

Health: -2/32      AC:  4    Str:  6    XL:     6   Next: 56%
Magic:  0/21       EV: 13    Int: 21    God:
Gold:   164        SH:  0    Dex: 15    Spells: 4 memorised, 5 levels left

rFire  . . .     SeeInvis .     q - +4 dagger (venom)
rCold  . . .     Clarity  .     a - +2 robe
rNeg   . . .     SustAb   .     (no shield)
rPois  .         Gourm    .     (no helmet)
rElec  .         Spirit   +     (no cloak)
rCorr  .         Warding  .     (no gloves)
rMut   .         Stasis   .     (no boots)
MR     .....                    h - amulet of guardian spirit
Stlth  ++........               (no ring)
                                (no ring)

@: very slightly contaminated, not resistant to hostile enchantments, unstealthy
A: no striking features
a: no special abilities


You were on level 4 of the Dungeon.
You were not hungry.

You visited 1 branch of the dungeon, and saw 4 of its levels.

You collected 164 gold pieces.

Inventory:

Hand weapons
 e - a +1 dagger (quivered)
 q - a +4 dagger of venom (weapon)
Armour
 a - a +2 robe (worn)
Jewellery
 h - an amulet of guardian spirit (around neck)
Magical devices
 p - a wand of slowing (22)
Scrolls
 i - a scroll of noise
 j - a scroll of teleportation {unknown}
 k - a scroll of remove curse
 l - a scroll of enchant armour
 o - a scroll of identify
Potions
 m - 2 potions of curing
 n - a potion of magic
Books
 c - a book of Conjurations

   Spells                             Type                      Level
   a - Magic Dart                     Conjuration                  1
   b - Searing Ray                    Conjuration                  2
   c - Dazzling Spray                 Conjuration/Hexes            3
   d - Fulminant Prism                Conjuration/Hexes            4
   e - Iskenderun's Mystic Blast      Conjuration                  4
   f - Iskenderun's Battlesphere      Conjuration/Charms           5
Comestibles
 b - 3 bread rations
 d - 4 beef jerkies
 f - a slice of pizza
 g - a meat ration


   Skills:
 - Level 2.4 Dodging
 - Level 3.0 Stealth
 + Level 5.3 Spellcasting
 + Level 6.2 Conjurations
 * Level 5.1 Hexes


You had 5 spell levels left.
You knew the following spells:

 Your Spells              Type           Power        Failure   Level  Hunger
a - Magic Dart            Conj           ####         1%          1    None
b - Searing Ray           Conj           ####..       1%          2    None
c - Dazzling Spray        Conj/Hex       ####....     2%          3    ##.....
d - Fulminant Prism       Conj/Hex       ####......   12%         4    ####...


Dungeon Overview and Level Annotations

Branches:
Dungeon (4/15)
 Temple: D:4-7

Altars:
Makhleb

Annotations:
D:4 Blork the orc


Message History

Casting: Magic Dart
Confirm with . or Enter, or press ? or * to list all spells.
You don't know that spell.
Casting: Magic Dart
Confirm with . or Enter, or press ? or * to list all spells.
You don't know that spell.
You hit something. Something hits you.
Casting: Magic Dart
Confirm with . or Enter, or press ? or * to list all spells.
Aiming: Magic Dart
Press: ? - help, Shift-Dir - straight line The magic dart hits something.
Something hits you.
* * * LOW HITPOINT WARNING * * *
Drink which item? (? for menu, Esc to quit)
You feel better. Something barely misses you. Something hits you!
You hear some strange, mumbled words.
The puff of frost hits you!
* * * LOW HITPOINT WARNING * * *
The magic dart hits you!
You die...

##### ###########
######...###### #.........#
.....'...{....# #.........#
#.##+#...#....# #.........#
#......#..@.# #.........##
#......###.#####.........#.
+...#'####..........#'####.
#...#...............+......
.. #.......#.......##'####
. #..######.......#..####
## ##+#....+.....+
+....#'###.# #........#.#


There were no monsters in sight!

Vanquished Creatures
  The ghost of sscrono2 the Covert, an experienced OpAs of Kikubaaqudgha (D:4)
  An orc priest (D:3)
  5 adders
  A giant mite (D:2)
  4 worms
  2 giant geckos
  2 oozes
  4 orcs (D:3)
  5 giant cockroaches
  8 hobgoblins
  8 jackals
  2 quokkas (D:3)
  2 bats (D:2)
  3 giant newts
  5 goblins
  4 kobolds
  11 rats
68 creatures vanquished.

Vanquished Creatures (others)
  2 fulminant prisms
2 creatures vanquished.

Grand Total: 70 creatures vanquished

Notes
Turn   | Place    | Note
--------------------------------------------------------------
     0 | D:1      | nilly, the Deep Elf Conjurer, began the quest for the Orb.
     0 | D:1      | Reached XP level 1. HP: 10/10 MP: 5/5
   398 | D:1      | Reached XP level 2. HP: 15/15 MP: 0/8
   478 | D:1      | Learned a level 2 spell: Searing Ray
   820 | D:2      | Reached skill level 5 in Conjurations
  1207 | D:2      | Reached XP level 3. HP: 19/19 MP: 5/11
  1212 | D:2      | Learned a level 3 spell: Dazzling Spray
  2310 | D:2      | Reached skill level 1 in Hexes
  2591 | D:2      | Reached XP level 4. HP: 24/24 MP: 7/14
  2597 | D:2      | Learned a level 4 spell: Fulminant Prism
  3348 | D:3      | Found a burning altar of Makhleb.
  3433 | D:3      | Reached XP level 5. HP: 28/28 MP: 4/18
  4354 | D:4      | Noticed sscrono2's ghost (experienced OpAs)
  4354 | D:4      | Noticed Blork the orc
  4364 | D:4      | Killed sscrono2's ghost
  4364 | D:4      | Reached skill level 5 in Spellcasting
  4364 | D:4      | Reached skill level 6 in Conjurations
  4364 | D:4      | Reached skill level 5 in Hexes
  4364 | D:4      | Reached XP level 6. HP: 21/32 MP: 0/21
  4371 | D:4      | Killed from afar by Blork the orc

Action                   |  1- 3 |  4- 6 || total
-------------------------+-------+-------++-------
Melee: Unarmed           |     9 |       ||     9
       Dagger            |     8 |    13 ||    21
 Cast: Magic Dart        |    77 |    74 ||   151
       Searing Ray       |    11 |     4 ||    15
       Dazzling Spray    |     4 |     1 ||     5
       Fulminant Prism   |       |     2 ||     2
  Use: Potion            |     3 |     2 ||     5
       Scroll            |     8 |     2 ||    10
  Eat: Pizza             |     1 |       ||     1
       Chunk             |     1 |     3 ||     4
       Bread ration      |     1 |     1 ||     2
